[ AOE2 MATCH · #506600119 ]
UnrankedTeutons vs Bulgarians
Player's team · WIN
Rival team · LOSS
[ REPLAY ANALYSIS · EXTRACTED FROM THE RECORDED GAME ]
Feudal
10:55
Castle
20:07
Imperial
—
| APM avg | 52.7 |
| APM peak | 95 |
| eAPM avg | 27.2 |
| Villagers / military | 66 / 63 |
Focus
⚔️ 35.6% · 🌾 64.4%
Knight ×47 · Scorpion ×4 · Scout Cavalry ×4 · Monk ×3 · Militia ×3 · Battering Ram ×2
Feudal
8:52
Castle
20:23
Imperial
—
| APM avg | 55.0 |
| APM peak | 104 |
| eAPM avg | 26.0 |
| Villagers / military | 105 / 68 |
Focus
⚔️ 37.4% · 🌾 62.6%
Cavalry Archer ×44 · Knight ×9 · Archer ×5 · Monk ×4 · Militia ×4 · Spearman ×1
Match map
Initial resources + every placement click. Lines = walls · curves = elevation contours. ◆ gold · ⬟ stone · ● berries · ✦ relic · ◌ wall gap
Your base· ✓ Closed at 20:07 · 53t walls · 1 gate(s)
Minh Anh's base· ✓ Closed at 20:23 · 19t walls · 3 gate(s)
Smoothed initial terrain · ◌ = detected wall gap · hover for details
Inputs per minute
— [DGLOS] DyouDi - - Minh Anh
Build order — [DGLOS] DyouDi
First 150 of 225 actions detected
| 0:00 | Create | Villager (Male) |
| 0:00 | Create | Villager (Male) |
| 0:01 | Build | House |
| 0:02 | Build | House |
| 0:03 | Create | Villager (Male) |
| 0:04 | Create | Villager (Male) |
| 1:22 | Create | Villager (Male) |
| 1:56 | Create | Villager (Male) |
| 2:15 | Create | Villager (Male) |
| 2:15 | Create | Villager (Male) |
| 2:20 | Build | Lumber Camp |
| 2:51 | Create | Villager (Male) |
| 2:53 | Create | Villager (Male) |
| 3:30 | Build | House |
| 3:31 | Build | House |
| 3:42 | Create | Villager (Male) |
| 3:42 | Create | Villager (Male) |
| 4:08 | Create | Villager (Male) |
| 4:19 | Create | Villager (Male) |
| 5:16 | Create | Villager (Male) |
| 5:21 | Build | Barracks |
| 5:41 | Create | Villager (Male) |
| 5:42 | Create | Villager (Male) |
| 6:02 | Create | Villager (Male) |
| 6:05 | Build | House |
| 6:15 | Create | Militia |
| 6:15 | Create | Militia |
| 6:41 | Create | Militia |
| 6:41 | Create | Villager (Male) |
| 6:47 | Build | House |
| 7:17 | Create | Villager (Male) |
| 7:27 | Build | Mill |
| 7:48 | Research | Loom |
| 7:50 | Create | Villager (Male) |
| 7:51 | Research | Loom |
| 8:39 | Research | Feudal Age |
| 9:17 | Build | Mining Camp |
| 9:25 | Build | House |
| 9:27 | Build | Palisade Wall |
| 9:28 | Build | Palisade Wall |
| 9:36 | Build | Palisade Wall |
| 9:53 | Create | Villager (Male) |
| 10:09 | Create | Villager (Male) |
| 10:17 | Build | Farm |
| 10:21 | Create | Villager (Male) |
| 10:24 | Build | House |
| 10:26 | Build | Palisade Wall |
| 10:40 | Create | Villager (Male) |
| 10:42 | Build | House |
| 10:44 | Build | Palisade Wall |
| 10:48 | Build | Palisade Wall |
| 10:55 | Age | Feudal Age |
| 10:58 | Research | Double-Bit Axe |
| 11:01 | Research | Horse Collar |
| 11:05 | Build | Palisade Wall |
| 11:14 | Build | Farm |
| 11:16 | Build | Farm |
| 11:20 | Build | Farm |
| 11:21 | Build | Farm |
| 11:35 | Build | Farm |
| 11:38 | Build | Farm |
| 11:47 | Build | Farm |
| 11:51 | Build | Farm |
| 11:54 | Create | Villager (Male) |
| 11:54 | Create | Villager (Male) |
| 11:56 | Build | Farm |
| 12:15 | Build | Farm |
| 12:22 | Build | Farm |
| 12:25 | Build | Farm |
| 12:27 | Create | Villager (Male) |
| 12:39 | Build | Farm |
| 12:40 | Create | Villager (Male) |
| 12:40 | Create | Villager (Male) |
| 12:47 | Create | Villager (Male) |
| 13:23 | Create | Villager (Male) |
| 13:33 | Build | Stable |
| 13:42 | Build | Farm |
| 13:55 | Create | Villager (Male) |
| 13:58 | Build | Blacksmith |
| 14:00 | Create | Villager (Male) |
| 14:46 | Build | Market |
| 14:51 | Create | Villager (Male) |
| 15:10 | Create | Villager (Male) |
| 15:20 | Create | Villager (Male) |
| 15:23 | Research | Wheelbarrow |
| 15:42 | Build | House |
| 16:08 | Build | Lumber Camp |
| 16:29 | Build | House |
| 16:34 | Research | Castle Age |
| 16:45 | Create | Villager (Male) |
| 16:49 | Build | Stable |
| 17:02 | Create | Scout Cavalry |
| 17:08 | Research | Scale Barding Armor |
| 17:10 | Build | Farm |
| 17:35 | Research | Bloodlines |
| 17:52 | Build | Palisade Gate |
| 17:57 | Create | Scout Cavalry |
| 18:14 | Build | House |
| 18:16 | Create | Villager (Male) |
| 18:21 | Build | Farm |
| 18:27 | Research | Gold Mining |
| 18:59 | Build | House |
| 19:12 | Research | Forging |
| 19:16 | Build | Farm |
| 19:17 | Build | Farm |
| 19:30 | Build | House |
| 19:32 | Create | Scout Cavalry |
| 20:02 | Build | Stable |
| 20:07 | Age | Castle Age |
| 20:10 | Create | Knight |
| 20:12 | Create | Knight |
| 20:13 | Build | Siege Workshop |
| 20:22 | Create | Knight |
| 20:30 | Create | Villager (Male) |
| 20:34 | Create | Knight |
| 20:37 | Create | Villager (Male) |
| 20:37 | Create | Villager (Male) |
| 20:44 | Build | Mining Camp |
| 20:47 | Research | Bow Saw |
| 20:47 | Research | Bow Saw |
| 20:50 | Create | Villager (Male) |
| 20:52 | Build | House |
| 20:54 | Build | House |
| 20:59 | Create | Battering Ram |
| 21:04 | Create | Villager (Male) |
| 21:15 | Create | Knight |
| 21:27 | Create | Villager (Male) |
| 21:27 | Create | Villager (Male) |
| 21:43 | Create | Knight |
| 21:50 | Create | Scout Cavalry |
| 22:04 | Build | House |
| 22:05 | Create | Scorpion |
| 22:08 | Create | Villager (Male) |
| 22:17 | Create | Knight |
| 22:34 | Create | Knight |
| 22:49 | Create | Knight |
| 23:00 | Build | Monastery |
| 23:03 | Create | Knight |
| 23:05 | Create | Villager (Male) |
| 23:10 | Build | Lumber Camp |
| 23:23 | Create | Knight |
| 23:32 | Create | Scorpion |
| 23:42 | Create | Knight |
| 23:58 | Create | Knight |
| 24:05 | Create | Knight |
| 24:11 | Create | Villager (Male) |
| 24:11 | Create | Villager (Male) |
| 24:14 | Build | House |
| 24:18 | Build | House |
| 24:20 | Build | House |
Build order — Minh Anh
First 150 of 257 actions detected
| 0:00 | Create | Villager (Male) |
| 0:01 | Create | Villager (Male) |
| 0:01 | Create | Villager (Male) |
| 0:01 | Create | Villager (Male) |
| 0:02 | Build | House |
| 0:03 | Build | House |
| 1:28 | Create | Villager (Male) |
| 1:28 | Create | Villager (Male) |
| 1:47 | Build | Lumber Camp |
| 1:59 | Create | Villager (Male) |
| 1:59 | Create | Villager (Male) |
| 2:14 | Create | Villager (Male) |
| 2:14 | Create | Villager (Male) |
| 2:38 | Create | Villager (Male) |
| 2:39 | Create | Villager (Male) |
| 3:13 | Create | Villager (Male) |
| 3:14 | Create | Villager (Male) |
| 3:14 | Create | Villager (Male) |
| 3:35 | Build | House |
| 4:07 | Create | Villager (Male) |
| 4:08 | Create | Villager (Male) |
| 4:11 | Create | Villager (Male) |
| 4:12 | Create | Villager (Male) |
| 4:39 | Create | Villager (Male) |
| 4:39 | Create | Villager (Male) |
| 4:53 | Create | Villager (Male) |
| 5:08 | Build | Barracks |
| 5:33 | Create | Villager (Male) |
| 6:09 | Research | Loom |
| 6:16 | Build | House |
| 6:42 | Research | Feudal Age |
| 7:08 | Create | Militia |
| 7:09 | Create | Militia |
| 7:50 | Create | Militia |
| 7:50 | Create | Militia |
| 7:57 | Build | Mill |
| 8:18 | Create | Villager (Male) |
| 8:23 | Build | House |
| 8:24 | Build | Palisade Wall |
| 8:52 | Age | Feudal Age |
| 8:59 | Create | Villager (Male) |
| 9:01 | Build | Palisade Wall |
| 9:04 | Build | Palisade Wall |
| 9:17 | Create | Villager (Male) |
| 9:18 | Create | Villager (Male) |
| 9:32 | Build | Mining Camp |
| 9:37 | Build | House |
| 9:38 | Build | Palisade Wall |
| 9:39 | Build | House |
| 9:41 | Build | House |
| 9:46 | Create | Villager (Male) |
| 9:46 | Create | Villager (Male) |
| 9:46 | Create | Villager (Male) |
| 10:15 | Research | Double-Bit Axe |
| 10:15 | Research | Double-Bit Axe |
| 10:37 | Build | Archery Range |
| 10:46 | Create | Villager (Male) |
| 11:10 | Create | Villager (Male) |
| 11:10 | Create | Villager (Male) |
| 11:13 | Build | Farm |
| 11:15 | Build | Farm |
| 11:17 | Build | Farm |
| 11:18 | Create | Villager (Male) |
| 11:18 | Create | Villager (Male) |
| 11:29 | Build | Farm |
| 11:54 | Build | House |
| 11:59 | Build | Palisade Gate |
| 12:06 | Build | Palisade Gate |
| 12:07 | Create | Villager (Male) |
| 12:14 | Create | Archer |
| 12:15 | Create | Villager (Male) |
| 12:16 | Create | Villager (Male) |
| 12:16 | Create | Villager (Male) |
| 12:19 | Build | Blacksmith |
| 12:31 | Build | House |
| 12:31 | Create | Villager (Male) |
| 12:31 | Create | Villager (Male) |
| 12:41 | Create | Villager (Male) |
| 12:41 | Create | Villager (Male) |
| 12:51 | Build | Farm |
| 13:07 | Create | Villager (Male) |
| 13:07 | Create | Villager (Male) |
| 13:29 | Create | Villager (Male) |
| 13:31 | Build | Farm |
| 13:34 | Build | Farm |
| 13:37 | Build | House |
| 13:40 | Build | Palisade Wall |
| 13:44 | Research | Fletching |
| 13:48 | Build | Farm |
| 13:50 | Build | Farm |
| 13:59 | Create | Archer |
| 14:01 | Create | Villager (Male) |
| 14:01 | Create | Villager (Male) |
| 14:18 | Build | Farm |
| 14:27 | Create | Archer |
| 14:28 | Create | Villager (Male) |
| 14:49 | Create | Villager (Male) |
| 15:00 | Build | Farm |
| 15:11 | Create | Archer |
| 15:23 | Create | Archer |
| 15:29 | Create | Villager (Male) |
| 15:40 | Build | Farm |
| 15:43 | Create | Villager (Male) |
| 15:46 | Build | Farm |
| 16:38 | Build | Lumber Camp |
| 16:53 | Create | Villager (Male) |
| 16:55 | Create | Villager (Male) |
| 17:43 | Research | Castle Age |
| 17:43 | Research | Castle Age |
| 17:44 | Research | Castle Age |
| 17:47 | Build | Archery Range |
| 17:49 | Build | Archery Range |
| 18:23 | Build | House |
| 18:38 | Create | Spearman |
| 18:46 | Build | House |
| 18:47 | Build | House |
| 18:54 | Build | Palisade Wall |
| 18:59 | Research | Horse Collar |
| 18:59 | Research | Gold Mining |
| 19:00 | Research | Gold Mining |
| 19:16 | Build | Palisade Gate |
| 19:47 | Research | Padded Archer Armor |
| 19:48 | Research | Padded Archer Armor |
| 19:52 | Build | Stable |
| 20:23 | Age | Castle Age |
| 20:28 | Create | Cavalry Archer |
| 20:28 | Create | Cavalry Archer |
| 20:30 | Create | Knight |
| 20:32 | Research | Bloodlines |
| 20:33 | Research | Bloodlines |
| 20:35 | Research | Bodkin Arrow |
| 20:37 | Create | Cavalry Archer |
| 20:37 | Create | Cavalry Archer |
| 20:44 | Create | Villager (Male) |
| 20:46 | Create | Villager (Male) |
| 20:46 | Create | Villager (Male) |
| 20:46 | Create | Villager (Male) |
| 20:49 | Create | Villager (Male) |
| 20:50 | Create | Villager (Male) |
| 20:50 | Create | Villager (Male) |
| 21:13 | Create | Knight |
| 21:14 | Create | Cavalry Archer |
| 21:15 | Create | Cavalry Archer |
| 21:15 | Create | Cavalry Archer |
| 21:15 | Create | Cavalry Archer |
| 21:15 | Create | Cavalry Archer |
| 21:31 | Create | Cavalry Archer |
| 21:31 | Create | Cavalry Archer |
| 21:33 | Create | Villager (Male) |
| 21:33 | Create | Villager (Male) |
Match timeline
| 5:08 | Minh Anh · first_building Barracks |
| 5:21 | [DGLOS] DyouDi · first_building Barracks |
| 8:24 | Minh Anh · wall_segment Palisade Wall x1 |
| 8:52 | Minh Anh · age_up feudal |
| 9:01 | Minh Anh · wall_segment Palisade Wall x1 |
| 9:04 | Minh Anh · wall_segment Palisade Wall x1 |
| 9:27 | [DGLOS] DyouDi · wall_segment Palisade Wall x2 |
| 9:28 | [DGLOS] DyouDi · wall_segment Palisade Wall x1 |
| 9:36 | [DGLOS] DyouDi · wall_segment Palisade Wall x4 |
| 9:38 | Minh Anh · wall_segment Palisade Wall x1 |
| 10:26 | [DGLOS] DyouDi · wall_segment Palisade Wall x4 |
| 10:37 | Minh Anh · first_building Archery Range |
| 10:44 | [DGLOS] DyouDi · wall_segment Palisade Wall x7 |
| 10:48 | [DGLOS] DyouDi · wall_segment Palisade Wall x26 |
| 10:55 | [DGLOS] DyouDi · age_up feudal |
| 11:05 | [DGLOS] DyouDi · wall_segment Palisade Wall x9 |
| 13:33 | [DGLOS] DyouDi · first_building Stable |
| 13:40 | Minh Anh · wall_segment Palisade Wall x1 |
| 15:50 | [DGLOS] DyouDi · first_market_sell 100 stone |
| 15:58 | [DGLOS] DyouDi · first_market_buy 100 food |
| 18:54 | Minh Anh · wall_segment Palisade Wall x14 |
| 19:52 | Minh Anh · first_building Stable |
| 20:07 | [DGLOS] DyouDi · age_up castle |
| 20:13 | [DGLOS] DyouDi · first_building Siege Workshop |
| 20:23 | Minh Anh · age_up castle |
| 23:00 | [DGLOS] DyouDi · first_building Monastery |
| 23:58 | Minh Anh · wall_segment Palisade Wall x1 |
| 24:22 | [DGLOS] DyouDi · wall_segment Palisade Wall x1 |
| 27:30 | Minh Anh · first_building Monastery |
| 29:07 | Minh Anh · first_market_buy 100 wood |
| 31:19 | Minh Anh · resign |
[ AI ANALYSIS · 1 CREDIT ]
What really happened in this match?
Wolo.gg analyzes every decision: build order, eco, micro, common mistakes by bracket. Personalized analysis on WhatsApp or Discord in 30 seconds.
Civ guide
Teutons
Perfil
[DGLOS] DyouDi